 Dungeon Crawl Stone Soup version 0.14-a0-1576-gf4c5cb9 (webtiles) character file.

586 Mitsuki the Stinger (level 6, 0/38 HPs)
             Began as an Octopode Venom Mage on Dec 21, 2013.
             Was an Initiate of Vehumet.
             Slain by a centaur (9 damage)
             ... on Level 5 of the Dungeon.
             The game lasted 00:28:05 (3328 turns).

Mitsuki the Stinger (Octopode Venom Mage)           Turns: 3328, Time: 00:28:05

HP   0/38        AC  6     Str  9      XL: 6   Next: 78%
MP   4/13        EV 13     Int 18      God: Vehumet [......]
Gold 199         SH  0     Dex 12      Spells:  3 memorised,  6 levels left

rFire  . . .     SeeInvis .     e - +0,+1 dwarf mace (protect)
rCold  . . .     Clarity  .     (no shield)
rNeg   . . .     Conserve .     (helmet restricted)
rPois  .         rCorr    .     (no amulet)
rElec  .         rRot     .     (no ring)
SustAb . .       Spirit   .     (no ring)
rMut   .         Warding  .     (no ring)
Saprov . . .     Stasis   .     (no ring)
                                (no ring)
                                (no ring)
                                (no ring)
                                (no ring)

@: very slightly contaminated, slightly resistant to hostile enchantments, quite
stealthy
A: almost no armour, amphibious, 8 rings, constrict 8, camouflage 1, gelatinous
body 1
a: Renounce Religion


You were on level 5 of the Dungeon.
You worshipped Vehumet.
Vehumet was noncommittal.
You were not hungry.

You visited 2 branches of the dungeon, and saw 6 of its levels.

You collected 199 gold pieces.

Inventory:

Hand weapons
 e - a +0,+1 dwarven mace of protection (weapon)
Magical devices
 p - a wand of enslavement (9)
Comestibles
 o - a bread ration
Scrolls
 a - 6 scrolls of identify
 d - a scroll of magic mapping
 f - a scroll of fear
 g - a scroll of blinking {unknown}
 h - a scroll of remove curse
 j - a scroll of enchant armour {unknown}
 k - a scroll of immolation {unknown}
 l - a scroll of amnesia {unknown}
 m - a scroll of fog {unknown}
 q - a scroll of recharging {unknown}
 s - a scroll of teleportation {unknown}
Potions
 c - 4 potions of curing
 n - 3 potions of heal wounds
Books
 b - a Young Poisoner's Handbook

   Spells                             Type                      Level
   *Sting                             Conjuration/Poison           1
   *Cure Poison                       Poison                       2
   *Mephitic Cloud                    Conjuration/Poison/Air       3
   Olgreb's Toxic Radiance            Poison                       4
   Venom Bolt                         Conjuration/Poison           5


   Skills:
 + Level 1.1 Fighting
 + Level 3.1 Dodging
 + Level 4.3 Stealth
 + Level 3.5 Spellcasting
 + Level 3.0 Conjurations
 + Level 6.0 Poison Magic


You had 6 spell levels left.
You knew the following spells:

 Your Spells              Type           Power        Failure   Level  Hunger
a - Sting                 Conj/Pois      ###.         2%          1    None
b - Cure Poison           Pois           ####......   1%          2    ##.....
c - Mephitic Cloud        Conj/Pois/Air  ##......     17%         3    ###....


Dungeon Overview and Level Annotations

Branches:
Dungeon (5/16)             Temple (1/1) D:5

Altars:
Ashenzari
Elyvilon
Fedhas
Kikubaaqudgha
Makhleb
Nemelex Xobeh
Okawaru
Sif Muna
Vehumet
Yredelemnul
Zin
the Shining One

Annotations:
D:5 Grinder


Innate Abilities, Weirdness & Mutations

You cannot wear most types of armour.
You are amphibious.
You can wear up to eight rings at the same time.
You can use your tentacles to constrict many enemies at once.
Your skin changes colour to match your surroundings (Stlth).
Your rubbery body absorbs attacks (AC +1).


Message History

Confirm with . or Enter, or press ? or * to list all spells.
Aiming: Mephitic Cloud
Press: ? - help, Shift-Dir - straight line, f/p - centaur
Aim: a centaur, wielding a bow (heavily wounded)
You miscast Mephitic Cloud.
Nothing appears to happen.
The centaur unwields an uncursed bow.
The centaur hits you.
You hit the centaur.
The centaur is severely wounded.
The centaur hits you! The centaur hits you.
You closely miss the centaur.
The centaur is severely wounded.
The centaur barely misses you.
You hit the centaur.
The centaur is almost dead.
The centaur misses you. The centaur hits you.
* * * LOW HITPOINT WARNING * * *
You hit the centaur.
The centaur is almost dead.
The centaur barely misses you. The centaur hits you!
You die...

#..#######.#.. #...
#.#.#.# #...
#...#.# #...
#...#.# #...
#.#.....# #...
#.....### ####...
###.#^((# #......
#.###.# #.#####
#....@####..#+##+##
######c...........#
#.###........# #'#
#........# ...
#.#......+ ... #
#...z..# .....
#......+ .....
#..../.# .......
......#


You could see a centaur.

Vanquished Creatures
  A jelly (D:4)
  A hound (D:4)
  An orc priest (D:4)
  An iguana (D:4)
  2 orc wizards
  2 worker ants (D:4)
  2 adders
  A worm zombie (D:5)
  A giant mite (D:1)
  A worm (D:3)
  An iguana skeleton (D:4)
  3 giant geckos (D:4)
  An ooze (D:1)
  10 orcs
  13 bats
  3 giant cockroaches
  10 hobgoblins
  8 jackals
  8 kobolds
  6 giant newts
  9 goblins
  2 goblin skeletons (D:4)
  A hobgoblin skeleton (D:5)
  A jackal skeleton (D:4)
  An orc skeleton (D:5)
  3 quokkas
  7 rats
100 creatures vanquished.

Notes
Turn   | Place    | Note
--------------------------------------------------------------
     0 | D:1      | Mitsuki, the Octopode Venom Mage, began the quest for the Orb.
     0 | D:1      | Reached XP level 1. HP: 11/11 MP: 3/3
    10 | D:1      | Paralysed by a potion of paralysis for 3 turns
    41 | D:1      | Reached skill level 5 in Poison Magic
    41 | D:1      | Reached XP level 2. HP: 13/17 MP: 0/4
   377 | D:1      | Learned a level 2 spell: Cure Poison
   655 | D:1      | Reached XP level 3. HP: 21/21 MP: 4/6
  1408 | D:2      | Reached XP level 4. HP: 27/27 MP: 6/8
  1443 | D:2      | Learned a level 3 spell: Mephitic Cloud
  1907 | D:3      | Reached skill level 1 in Conjurations
  2272 | D:4      | Reached XP level 5. HP: 29/32 MP: 9/11
  2463 | D:4      | Reached skill level 6 in Poison Magic
  2463 | D:4      | Reached XP level 6. HP: 30/37 MP: 5/13
  2512 | D:4      | Reached skill level 1 in Fighting
  2684 | D:5      | Entered Level 5 of the Dungeon
  2779 | D:5      | Noticed Grinder
  2853 | D:5      | Found a staircase to the Ecumenical Temple.
  2866 | Temple   | Entered the Ecumenical Temple
  3054 | Temple   | Became a worshipper of Vehumet
  3328 | D:5      | Slain by a centaur

Action                   |  1- 3 |  4- 6 || total
-------------------------+-------+-------++-------
Melee: Mace              |    37 |   110 ||   147
       Unarmed           |     6 |       ||     6
 Cast: Sting             |    48 |    47 ||    95
       Mephitic Cloud    |       |     3 ||     3
       Cure Poison       |       |     1 ||     1
Evoke: Wand              |       |     1 ||     1
  Use: Potion            |     4 |     3 ||     7
       Scroll            |       |     5 ||     5
 Stab: Sleeping          |     5 |     4 ||     9
       Confused          |       |     1 ||     1
